 Dungeon Crawl Stone Soup version 0.28.0-45-g0d030f2227 (webtiles) character file.

Game seed: 3928596724527823220

582416 selver the Crack Shot (level 25, 0/218 HPs)
             Began as a Minotaur Hunter on Apr 15, 2022.
             Was the Champion of Okawaru.
             Killed from afar by an orb of fire (22 damage)
             ... with a bolt of fire
             ... on level 5 of the Realm of Zot.
             The game lasted 07:48:04 (69243 turns).

selver the Crack Shot (Minotaur Hunter)            Turns: 69243, Time: 07:48:05

Health: 0/218      AC: 48    Str: 30 (33) XL:     25   Next: 97%
Magic:  26/26      EV: 18    Int:  7 (8)  God:    Okawaru [******]
Gold:   9242       SH:  0    Dex: 18 (19) Spells: 24/24 levels left

rFire   + . .      SeeInvis .   a - +7 dire flail of Ointment {holy, rElec rN+}
rCold   . . .      Faith    .   (shield currently unavailable)
rNeg    + + .      Spirit   .   V - +15 crystal plate armour "Tosih" {Str+3 Slay+3}
rPois   +          Reflect  .   H - +2 hat
rElec   +          Harm     .   Y - scarf {repulsion}
rCorr   .          Rampage  .   r - +2 pair of gloves "Vomahisk" {-Cast rPois Dex+4}
Will    ++...      Rage     1%  n - +2 pair of boots
Stlth   .......... NoCast   +   D - amulet of regeneration
HPRegen 1.26/turn               c - ring "Lowunnij" {rElec rN+ Will+ Stlth+}
MPRegen 0.20/turn               l - ring "Vieten" {Contam *Corrode rF+ Str+7}

@: on berserk cooldown, slowed, studying Long Blades, repel missiles, unable to
read, very slow
A: horns 2, retaliatory headbutt, fangs 1, berserk 1, deformed body,
deterioration 2, dopey 1, frail 1, low MP 2, subdued magic 1, inability to read
while threatened
}: 3/15 runes: serpentine, barnacled, silver
a: Renounce Religion, Heroism, Finesse, Duel


You were on level 5 of the Realm of Zot.
You worshipped Okawaru.
Okawaru was exalted by your worship.
You visited 10 branches of the dungeon, and saw 49 of its levels.
You also visited: Ossuary, Gauntlet, Ice Cave, Volcano and Wizlab.

You collected 9945 gold pieces.
You spent 703 gold pieces at shops.

Inventory:

Hand Weapons
 a - the +7 dire flail of Ointment (weapon) {holy, rElec rN+}
   (You found it on level 5 of the Vaults)

   It has been blessed by the Shining One to cause great damage to the undead
   and demons.
   rElec:     It insulates you from electricity.
   rN:        It protects you from negative energy.
 b - the +8 longbow of Okawaru {vorpal, rElec rC+ Int+2 Dex+2}
   (Okawaru gifted it to you on level 4 of the Snake Pit)

   Any ammunition fired from it inflicts extra damage upon your enemies.
   Int:       It affects your intelligence (+2).
   Dex:       It affects your dexterity (+2).
   rC:        It protects you from cold.
   rElec:     It insulates you from electricity.
 v - the +9 mace of Imminent Death {flame, Str+10 Dex-2}
   (You took it off a deep elf high priest on level 3 of the Elven Halls)

   It burns those it strikes, dealing additional fire damage.
   Str:       It affects your strength (+10).
   Dex:       It affects your dexterity (-2).
 F - a +8 great mace of chaos
Missiles
 s - 1178 arrows
Armour
 n - a +2 pair of boots (worn)
 q - the +1 cloak of Starlight {*Dazzle EV+4 Stlth--}
   (You found it on level 2 of the Snake Pit)

   It may blind those who miss an attack against the wearer in melee combat.
   EV:        It affects your evasion (+4).
   Stlth:     It makes you much less stealthy.
 r - the +2 pair of gloves "Vomahisk" (worn) {-Cast rPois Dex+4}
   (You found it on level 6 of the Lair of Beasts)

   Dex:       It affects your dexterity (+4).
   rPois:     It protects you from poison.
   -Cast:     It prevents spellcasting.
 z - the +2 pair of gloves of Byrukut {rC++}
   (You found it on level 3 of the Elven Halls)

   rC:        It greatly protects you from cold.
 H - a +2 hat (worn)
 V - the +15 crystal plate armour "Tosih" (worn) {Str+3 Slay+3}
   (Okawaru gifted it to you in a volcano)

   Str:       It affects your strength (+3).
   Slay:      It affects your accuracy & damage with ranged weapons and melee
   (+3).
 Y - a scarf of repulsion (worn)
Jewellery
 c - the ring "Lowunnij" (left hand) {rElec rN+ Will+ Stlth+}
   (You found it on level 5 of the Vaults)

   [ring of positive energy]

   rElec:     It insulates you from electricity.
   rN:        It protects you from negative energy.
   Will:      It increases your willpower.
   Stlth:     It makes you more stealthy.
 e - a +4 ring of slaying
 g - an amulet of reflection
 h - a ring of protection from fire
 l - the ring "Vieten" (right hand) {Contam *Corrode rF+ Str+7}
   (You took it off a deep elf high priest on level 3 of the Elven Halls)

   [ring of protection from fire]

   Str:       It affects your strength (+7).
   rF:        It protects you from fire.
   Contam:    It causes magical contamination when unequipped.
   *Corrode:  It may corrode you when you take damage.
 A - the ring "Mish" {*Corrode Str+2 Int+6 Dex+2}
   (You took it off a deep elf death mage on level 3 of the Elven Halls)

   [ring of intelligence]

   Str:       It affects your strength (+2).
   Int:       It affects your intelligence (+6).
   Dex:       It affects your dexterity (+2).
   *Corrode:  It may corrode you when you take damage.
 B - a ring of willpower
 D - an amulet of regeneration (around neck)
 G - a +4 ring of evasion
 N - a +6 ring of strength
 R - the ring "Ibosimik" {Fire Dex+9 Stlth+}
   (You found it on level 5 of the Vaults)

   [ring of fire]

   It enhances your fire magic.
   Dex:       It affects your dexterity (+9).
   rF:        It protects you from fire.
   rC:        It makes you vulnerable to cold.
   Stlth:     It makes you more stealthy.
 S - the ring "Qaumot" {Int+5 SInv}
   (You found it on level 1 of the Depths)

   [ring of see invisible]

   Int:       It affects your intelligence (+5).
   SInv:      It lets you see invisible.
Wands
 p - a wand of acid (5)
 L - a wand of charming (4)
 T - a wand of mindburst (26)
Scrolls
 f - 2 scrolls of silence
 j - 8 scrolls of blinking
 t - 10 scrolls of fear
 x - 6 scrolls of magic mapping
 E - 10 scrolls of enchant armour
 M - 5 scrolls of fog
 Q - 7 scrolls of teleportation
 U - 6 scrolls of holy word
 W - 2 scrolls of enchant weapon
Potions
 i - 3 potions of invisibility
 k - 16 potions of curing
 o - 13 potions of lignification
 u - 10 potions of mutation
 w - 4 potions of brilliance
 C - a potion of cancellation
 I - 3 potions of resistance
 J - 2 potions of ambrosia
 K - 6 potions of flight
 P - a potion of haste
 X - a potion of berserk rage
Miscellaneous
 d - a lightning rod (4/4)
 y - a box of beasts
 O - a condenser vane (inert)
 Z - a tin of tremorstones (2/2)


   Skills:
 + Level 23.1 Fighting
 - Level 14.5 Maces & Flails
 - Level 26.3 Bows
 * Level 25.3 Armour
 * Level 20.4 Dodging
 - Level 0.7 Stealth
 + Level 15.2 Invocations
 - Level 15.0 Evocations


You had 24 spell levels left.
You didn't know any spells.
Your spell library contained the following spells:

 Spells                   Type           Power      Damage    Failure   Level
 Apportation              Tloc           0%         N/A       95%         1
 Beastly Appendage        Tmut           0%         N/A       95%         1
 Foxfire                  Conj/Fire      0%         2x1d4     95%         1
 Freeze                   Ice            0%         1d3       95%         1
 Magic Dart               Conj           0%         1d3       95%         1
 Pain                     Necr           0%         1d4       95%         1
 Sandblast                Erth           0%         2d4       95%         1
 Sting                    Tmut/Pois      0%         1d3       95%         1
 Blink                    Tloc           0%         N/A       99%         2
 Corpse Rot               Necr/Air       0%         N/A       99%         2
 Ensorcelled Hibernation  Hex/Ice        0%         N/A       99%         2
 Passwall                 Tmut/Erth      0%         N/A       99%         2
 Poisonous Vapours        Pois/Air       0%         N/A       99%         2
 Searing Ray              Conj           0%         2d4       99%         2
 Static Discharge         Conj/Air       0%         N/A       99%         2
 Sublimation of Blood     Necr           0%         N/A       99%         2
 Wereblood                Tmut           0%         N/A       99%         2
 Conjure Flame            Conj/Fire      0%         6-21      100%        3
 Dazzling Flash           Conj/Hex       0%         N/A       100%        3
 Frozen Ramparts          Ice            0%         1d2       100%        3
 Ignite Poison            Fire/Tmut/Pois 0%         N/A       100%        3
 Inner Flame              Hex/Fire       0%         N/A       100%        3
 Lesser Beckoning         Tloc           0%         N/A       100%        3
 Mephitic Cloud           Conj/Pois/Air  0%         N/A       100%        3
 Ozocubu's Armour         Ice            0%         N/A       100%        3
 Portal Projectile        Hex/Tloc       0%         N/A       100%        3
 Spider Form              Tmut/Pois      0%         N/A       100%        3
 Stone Arrow              Conj/Erth      0%         3d7       100%        3
 Vampiric Draining        Necr           0%         2d6       100%        3
 Anguish                  Hex/Necr       0%         N/A       100%        4
 Cause Fear               Hex            0%         N/A       100%        4
 Flame Wave               Conj/Fire      0%         2d4       100%        4
 Hailstorm                Conj/Ice       0%         3d3       100%        4
 Ice Form                 Ice/Tmut       0%         N/A       100%        4
 Leda's Liquefaction      Hex/Erth       0%         N/A       100%        4
 Olgreb's Toxic Radiance  Pois           0%         N/A       100%        4
 Petrify                  Tmut/Erth      0%         N/A       100%        4
 Sticky Flame             Conj/Fire      0%         2d3       100%        4
 Agony                    Necr           0%         N/A       100%        5
 Alistair's Intoxication  Tmut/Pois      0%         N/A       100%        5
 Blade Hands              Tmut           0%         N/A       100%        5
 Borgnjor's Vile Clutch   Necr/Erth      0%         N/A       100%        5
 Fireball                 Conj/Fire      0%         3d3       100%        5
 Freezing Cloud           Conj/Ice/Air   0%         6-21      100%        5
 Irradiate                Conj/Tmut      0%         3d14      100%        5
 Iskenderun's Battlesphe  Conj           0%         2d6       100%        5
 Lee's Rapid Deconstruct  Erth           0%         3d5*      100%        5
 Lightning Bolt           Conj/Air       0%         1d11      100%        5
 Manifold Assault         Tloc           0%         N/A       100%        5
 Metabolic Englaciation   Hex/Ice        0%         N/A       100%        5
 Silence                  Hex/Air        0%         N/A       100%        5
 Conjure Ball Lightning   Conj/Air       0%         3x3d6     100%        6
 Eringya's Noxious Bog    Tmut/Pois      0%         N/A       100%        6
 Iron Shot                Conj/Erth      0%         9d1       100%        6
 Starburst                Conj/Fire      0%         6d3       100%        6
 Statue Form              Tmut/Erth      0%         N/A       100%        6
 Dragon Form              Tmut           0%         N/A       100%        7
 Orb of Destruction       Conj           0%         9d5       100%        7
 Ozocubu's Refrigeration  Ice            0%         4d5       100%        7
 Storm Form               Tmut/Air       0%         N/A       100%        7
 Ignition                 Fire           0%         3d3       100%        8
 Maxwell's Capacitive Co  Air            0%         ∞         100%        8
 Fire Storm               Conj/Fire      0%         5d1       100%        9
 Polar Vortex             Ice            0%         N/A       100%        9
 Shatter                  Erth           0%         3d5*      100%        9
 Animate Skeleton         Necr           Unusable   N/A       N/A         1
 Summon Small Mammal      Summ           Unusable   N/A       N/A         1
 Call Imp                 Summ           Unusable   N/A       N/A         2
 Summon Guardian Golem    Hex/Summ       Unusable   N/A       N/A         3
 Summon Ice Beast         Ice/Summ       Unusable   N/A       N/A         4
 Simulacrum               Ice/Necr       Unusable   N/A       N/A         6
 Haunt                    Necr/Summ      Unusable   N/A       N/A         7
 Malign Gateway           Summ/Tloc      Unusable   N/A       N/A         7
 Spellforged Servitor     Conj/Summ      Unusable   N/A       N/A         7
 Summon Hydra             Summ           Unusable   N/A       N/A         7
 Dragon's Call            Summ           Unusable   N/A       N/A         9

Dungeon Overview and Level Annotations

Branches:
Dungeon (15/15)            Temple (1/1) D:6            Lair (6/6) D:8
 Shoals (4/4) Lair:2        Snake (4/4) Lair:4        Slime (0/5) Lair:6
    Orc (2/2) D:12            Elf (3/3) Orc:2        Vaults (5/5) D:14
  Crypt (0/3) Vaults:2     Depths (4/4) D:15            Zot (5/5) Depths:4
Ossuary (visited)           IceCv (visited)         Volcano (visited)
 WizLab (visited)         Gauntlet (visited)

Altars:
Ashenzari
Cheibriados
Dithmenos
Elyvilon
Fedhas
Gozag
Hepliaklqana
Kikubaaqudgha
Makhleb
Nemelex Xobeh
Okawaru
Qazlal
Ru
Sif Muna
Trog
Uskayaw
Vehumet
Wu Jian
Xom
Yredelemnul
Zin
The Shining One
Beogh
Lugonu

Shops:
D:9 (   Orc:2 !*[([   Elf:1 (   Elf:2 *   Snake:3 :==   Depths:3 [(

Portals:
Hell: Depths:1 Depths:2 Depths:3 Depths:4
Abyss: Lair:6 Depths:2 Depths:3
Pandemonium: Depths:2
Ziggurat: Depths:4

Annotations:
Zot:1 3 runed translucent doors, Heoriaro's ghost, legendary GnFi


Innate Abilities, Weirdness & Mutations

You have a pair of horns on your head.
You reflexively headbutt those who attack you in melee.
You have very sharp teeth.
You tend to lose your temper in combat.
Armour fits poorly on your strangely shaped body.
Your body often deteriorates upon taking damage.
You are dopey. (Int -2)
You are frail. (-10% HP)
Your magical capacity is very low. (-20% MP)
Your spells are a little easier to cast, but a little less powerful.
You sometimes lose the ability to read scrolls when taking damage.


Message History

The orb of fire is engulfed in freezing vapours.
The Orb Guardian is engulfed in freezing vapours.
Okawaru accepts your kill.
You feel a bit more experienced.
There is a stone staircase leading up here.
You feel much better.
The orb of fire is engulfed in freezing vapours.
The orb of fire glows bright magenta.
The fireball explodes!
The fireball engulfs you! You resist.
The fireball engulfs the orb of fire.
The orb of fire completely resists.
You hear a sizzling sound!
The Orb Guardian is engulfed in freezing vapours.
You kill the Orb Guardian!
Okawaru accepts your kill.
The orb of fire glows deep purple.
The fireball explodes!
The fireball engulfs you!!! You resist.
* * * LOW HITPOINT WARNING * * *
Your body deteriorates!
You feel weakened.
The fireball engulfs the orb of fire.
The orb of fire completely resists.
Okay, then.
Okay, then.
You feel better.
An ancient lich appears from thin air!
Reactivating autopickup.
The ancient lich touches you but does no damage.
The ancient lich casts a spell.
The ancient lich flickers and vanishes!
Deactivating autopickup; reactivate with Ctrl-A.
The Killer Klown is engulfed in freezing vapours.
The Killer Klown pulls ten torches off its hat and starts juggling.
The orb of fire is engulfed in freezing vapours.
The orb of fire emits a lurid red light.
The bolt of fire hits the orb of fire.
The orb of fire completely resists.
The bolt of fire hits you! You resist.
* * * LOW HITPOINT WARNING * * *
The ancient lich casts a spell at you. The bolt of acid misses you.
The Killer Klown is engulfed in freezing vapours.
The orb of fire glows red.
The bolt of fire hits you!! You resist.
You die...

#.......###############........#
#...........##.................#
##......##..........^..####.....#
.).......###...........#*#......(
.......#..##.##.....##.##..#.....
.<....####....##...##..#..###...<
......# ##....#⌠..#....##* ##...
####..# ##.##.#L#.##.## #.#. #
#..# #..##@**#.#.# #.## ***###▓
########§#######* ▓▓*# ,,,,,**
#....XX.Xp{.....* **, ,,,,,^**
##...9X*L.§z§..#* **,, .......##
#....D.Xf☼§§..# **,,, ....^...#
##.XXXXXXz...## *,,,, ......[.#
#....XX....(# *,,,, .....^..#
##.....p..(..#* *,,,, ........#
#.X....(......# *,,,,


You could see 2 orbs of fire, a Killer Klown, an ancient lich (fast) and a curse
toe.

Vanquished Creatures
  A dread lich (Vaults:5)
  An orb of fire (Zot:2)
  2 ancient liches
  A juggernaut (Depths:3)
  Mara (Snake:4)
  Boris (twice) (Vaults:3 Depths:3)
  Sojobo (Vaults:2)
  2 Killer Klowns (Zot:4)
  Saint Roka (Orc:2)
  A Head Instructor (WizLab)
  2 curse toes
  2 caustic shrikes (Depths:1)
  15 golden dragons
  Nikola (Shoals:4)
  19 tentacled monstrosities
  A walking crystal tome (Depths:3)
  12 Orb Guardians (Zot:5)
  Jorgrun (D:13)
  The ghost of croobank the Warrior, an adept HOFi of Beogh (Snake:2)
  Rupert (D:14)
  5 titans
  8 quicksilver dragons
  A walking earthen tome (Depths:1)
  4 deep elf master archers (Elf:3)
  4 liches
  3 deep elf blademasters
  15 sphinxes
  A kraken (Shoals:3)
  Polyphemus (Shoals:3)
  9 death cobs
  Agnes (D:14)
  10 tengu reavers
  12 storm dragons
  Roxanne (D:14)
  A thorn hunter (Snake:3)
  3 draconian monks
  5 fire giants
  Donald (Snake:3)
  9 shadow dragons
  2 draconian knights
  7 nagarajas
  The ghost of Arctor the Jinx, a journeyman DrTm of Hepliaklqana (Snake:2)
  Aizul (Shoals:1)
  9 frost giants
  6 orc warlords
  8 deep elf sorcerers
  12 vault wardens
  Ilsuiw (Shoals:3)
  Louise (Shoals:1)
  3 draconian scorchers
  5 draconian shifters
  4 iron dragons
  18 ironbound preservers
  5 ghost moths
  4 draconian annihilators
  The ghost of Foabaekk the Unseen, a journeyman GrMo of Gozag (Lair:3)
  7 draconian stormcallers
  4 spriggan defenders
  27 very ugly things
  2 reapers
  A deep elf elementalist (Elf:3)
  2 war gargoyles
  The ghost of vvl the Fighter, a journeyman DsVM of Kikubaaqudgha (Orc:2)
  3 ironbound thunderhulks
  24 stone giants
  4 vampire knights
  7 yellow draconians
  5 deep elf demonologists
  3 minotaurs
  8 green draconians
  7 deep elf annihilators (Elf:3)
  15 black draconians
  3 purple draconians
  8 red draconians
  15 dire elephants
  9 white draconians
  8 spark wasps
  13 ettins
  2 merfolk javelineers
  10 fire dragons
  2 green deaths
  9 deep elf death magi (Elf:3)
  8 deep elf high priests
  Josephine (D:11)
  10 merfolk impalers
  11 yaktaur captains
  8 great orbs of eyes
  33 vault guards
  11 ice dragons
  A great orb of eyes (shapeshifter) (Vaults:4)
  Erolcha (Orc:1)
  20 naga warriors
  Harold (Lair:2)
  A salamander tyrant (Snake:4)
  6 boulder beetles
  5 rakshasas
  14 hydras
  3 ogre magi
  7 spriggan air magi
  10 ironbound frosthearts
  5 merfolk avatars
  8 centaur warriors
  A merfolk aquamancer (Shoals:2)
  A death knight (D:14)
  A tengu warrior (D:14)
  A catoblepas (Shoals:3)
  32 dancing weapons
  4 alligators (Snake:3)
  5 anacondas
  14 satyrs (Shoals:4)
  10 deep troll shamans
  11 deep troll earth magi
  13 two-headed ogres
  2 orc high priests
  7 death yaks
  Urug (Lair:4)
  2 vampire magi
  8 spriggan berserkers
  14 naga sharpshooters
  8 shock serpents
  16 deep elf knights
  Sonja (Orc:2)
  A sun demon (Depths:3)
  7 hell knights
  3 soul eaters (Depths:3)
  A titan skeleton (Vaults:2)
  4 thrashing horrors (Lair:6)
  5 salamander mystics
  A sixfirhy (Depths:2)
  14 iron trolls
  11 skeletal warriors
  2 goliath frogs (Snake:3)
  3 swamp dragons (Snake:3)
  12 sea snakes
  A death drake (shapeshifter) (Vaults:4)
  45 deep trolls
  6 glowing orange brains
  2 obsidian statues
  6 lindwurms
  3 naga ritualists
  A tengu zombie (Vaults:4)
  14 deep elf archers
  26 deep elf pyromancers
  4 necromancers
  20 ironbound convokers
  A phantasmal warrior (D:14)
  8 wizards
  A mana viper (shapeshifter) (D:14)
  A shadow dragon skeleton (Vaults:5)
  25 deep elf zephyrmancers
  A sphinx skeleton (Vaults:5)
  4 orc sorcerers
  29 harpies
  6 orc knights
  19 manticores
  34 slime creatures
  16 fauns
  A shining eye (shapeshifter) (Elf:3)
  A tengu skeleton (Vaults:4)
  8 mana vipers
  A shining eye (Depths:4)
  23 moths of wrath
  An oklob plant (Gauntlet)
  34 ugly things
  6 cyclopes
  6 merfolk sirens
  4 elephants (Lair:5)
  26 naga magi
  15 salamanders
  An ice statue (IceCv)
  7 water nymphs
  2 human skeletons (Vaults:2)
  40 black mambas
  20 vault sentinels
  2 guardian serpents
  A fire giant skeleton (Vaults:2)
  A frost giant skeleton (Vaults:2)
  4 smoke demons
  2 stone giant skeletons (Vaults:2)
  9 cane toads
  2 gargoyles
  2 eyes of devastation (Depths:4)
  An orange demon (Depths:2)
  A torpor snail (Lair:6)
  13 komodo dragons
  17 yaktaurs
  2 rime drakes (Lair:5)
  An efreet (D:13)
  2 tengu conjurers (D:14)
  A tormentor (Depths:3)
  A kobold demonologist (D:12)
  An ancient zyme (Lair:6)
  4 yaktaur skeletons (Vaults:2)
  3 entropy weaver simulacra (IceCv)
  A hellwing (Depths:3)
  27 merfolk
  A red devil (Gauntlet)
  A tyrant leech (Snake:3)
  7 trolls
  A hornet (shapeshifter) (D:13)
  Prince Ribbit (D:7)
  7 hornets
  A wind drake (shapeshifter) (Lair:6)
  A tengu simulacrum (Vaults:5)
  2 polar bears
  20 blink frogs
  7 wind drakes
  7 snapping turtles
  2 dream sheep (shapeshifter)
  7 dream sheep
  7 air elementals
  2 ettin skeletons (Vaults:2)
  9 small abominations (Lair:6)
  A dire elephant simulacrum (IceCv)
  6 shadows
  7 spriggans
  An elf simulacrum (Vaults:5)
  2 wyverns
  2 ynoxinuls (Lair:6)
  9 fire elementals
  4 wraiths
  A basilisk (shapeshifter) (D:14)
  8 water elementals
  84 yaks
  9 basilisks
  A hog (shapeshifter) (Depths:1)
  25 humans
  7 redbacks (Depths:1)
  Grum (Lair:1)
  2 vampire mosquitoes (Snake:3)
  3 death yak simulacra (IceCv)
  10 chaos spawn
  A redback (shapeshifter) (Vaults:4)
  2 large abominations (Lair:6)
  46 nagas
  8 wargs
  2 harpy simulacra (IceCv)
  3 acid dragons
  2 swamp worms (Snake:3)
  16 water moccasins
  A floating eye (Depths:4)
  55 orc warriors
  12 sky beasts
  2 ice beasts (D:6)
  6 black bears
  2 necrophages (D:6)
  An ogre (shapeshifter) (Vaults:4)
  9 boggarts
  14 ogres
  15 centaurs
  11 wolves
  A centaur (shapeshifter) (Vaults:5)
  3 kobold brigands
  Blork the orc (D:6)
  17 bullfrogs
  2 scorpions
  3 two-headed ogre simulacra (IceCv)
  A wyvern zombie (D:7)
  2 gnoll sergeants (D:6)
  4 earth elementals
  A water moccasin skeleton (D:5)
  3 elephant simulacra (IceCv)
  6 killer bees (D:9)
  9 wights
  4 electric eels
  9 howler monkeys
  3 crimson imps (Gauntlet)
  3 centaur zombies
  4 human zombies
  3 jellies (D:6)
  A bullfrog skeleton (D:6)
  23 orc priests
  6 hounds
  2 centaur skeletons
  Terence (D:3)
  Jessica (D:8)
  Ijyb (D:3)
  4 iguanas
  25 orc wizards
  A polar bear simulacrum (IceCv)
  A troll simulacrum (IceCv)
  4 lightning spires (Depths:4)
  3 spriggan simulacra (IceCv)
  4 wolf simulacra (IceCv)
  5 mummies (Ossuary)
  15 gnolls
  8 adders
  9 naga simulacra (IceCv)
  6 white imps (IceCv)
  9 ufetubi
  A worm (D:3)
  A dart slug (D:3)
  115 orcs
  10 ball pythons
  9 endoplasms
  2 giant cockroaches
  5 goblins
  9 hobgoblins
  6 jackals
  28 kobolds
  4 quokkas
  7 bats
  4 frilled lizards
  2 hobgoblin zombies (Ossuary)
  2 kobold zombies (Ossuary)
  A quokka zombie (D:4)
  8 rats
  A rat zombie (D:4)
  4 ball lightnings (Depths:4)
  2 tentacles (Shoals:3)
2299 creatures vanquished.

Vanquished Creatures (others)
  A deep elf zephyrmancer (Elf:2)
  A water nymph (Shoals:2)
  A boggart (Vaults:2)
  An orc (Orc:1)
  4 ball lightnings (Depths:4)
  2 bushes
  37 fungi
  90 plants
  6 tentacles (Shoals:3)
143 creatures vanquished.

Grand Total: 2442 creatures vanquished

Notes
Turn   | Place    | Note
-------+----------+-------------------------------------------
     0 | D:1      | selver the Minotaur Hunter began the quest for the Orb.
     0 | D:1      | Reached XP level 1. HP: 18/18 MP: 0/0
    66 | D:1      | Reached skill level 5 in Bows
    66 | D:1      | Reached XP level 2. HP: 25/25 MP: 1/1
   810 | D:2      | Reached XP level 3. HP: 30/30 MP: 2/2
  1242 | D:2      | Reached skill level 6 in Bows
  1444 | D:2      | Identified the +1 whip of the Volcano {flame, rPois Str+4}
  1469 | D:2      | Identified the +1 leather armour of Feet {+Inv MP+9 Slay+3}
  1675 | D:2      | Found a faded altar of an unknown god.
  1679 | D:2      | Got Plato's Guide on Darkness
  1749 | D:2      | Reached XP level 4. HP: 37/37 MP: 3/3
  1916 | D:3      | Noticed Terence
  1927 | D:3      | Killed Terence
  1928 | D:3      | Reached skill level 1 in Maces & Flails
  1999 | D:3      | Found a glowing silver altar of Zin.
  2107 | D:3      | Noticed a scorpion
  2116 | D:3      | Killed a scorpion
  2117 | D:3      | Reached skill level 7 in Bows
  2117 | D:3      | Reached XP level 5. HP: 36/42 MP: 4/4
  2169 | D:3      | Noticed Ijyb
  2178 | D:3      | Killed Ijyb
  2719 | D:4      | Found a sand-covered staircase.
  2726 | Ossuary  | Entered an ossuary
  2814 | Ossuary  | Reached XP level 6. HP: 50/50 MP: 5/5
  3186 | Ossuary  | Reached skill level 8 in Bows
  3662 | D:4      | Reached XP level 7. HP: 37/56 MP: 6/6
  4380 | D:5      | Entered Level 5 of the Dungeon
  4455 | D:5      | Reached skill level 1 in Armour
  4531 | D:5      | Reached skill level 9 in Bows
  4806 | D:5      | Reached skill level 5 in Maces & Flails
  5001 | D:5      | Reached XP level 8. HP: 62/62 MP: 7/7
  5465 | D:6      | Found a white marble altar of Elyvilon.
  5514 | D:6      | Reached skill level 10 in Bows
  5552 | D:6      | Found a staircase to the Ecumenical Temple.
  5590 | Temple   | Entered the Ecumenical Temple
  6002 | Temple   | Became a worshipper of Warmaster Okawaru
  6031 | D:6      | Noticed Blork the orc
  6373 | D:6      | Reached skill level 5 in Armour
  6432 | D:6      | Reached * piety under Okawaru
  6433 | D:6      | Reached skill level 11 in Bows
  6433 | D:6      | Reached XP level 9. HP: 59/68 MP: 8/8
  6469 | D:6      | Found a snail-covered altar of Cheibriados.
  6673 | D:6      | Reached ** piety under Okawaru
  6674 | D:6      | Reached skill level 12 in Bows
  6899 | D:6      | Killed Blork the orc
  7713 | D:6      | Reached XP level 10. HP: 73/74 MP: 9/9
  8259 | D:6      | Found a snail-covered altar of Cheibriados.
  8260 | D:6      | Found a radiant altar of Vehumet.
  8447 | D:7      | Noticed a boulder beetle
  8898 | D:7      | Noticed Prince Ribbit
  8908 | D:7      | Killed Prince Ribbit
  8973 | D:7      | Reached *** piety under Okawaru
  8974 | D:7      | Reached skill level 13 in Bows
  9507 | D:7      | Killed a boulder beetle
 10042 | D:7      | Reached **** piety under Okawaru
 10284 | D:7      | Reached skill level 5 in Fighting
 10296 | D:7      | Reached skill level 14 in Bows
 10711 | D:8      | Noticed a death yak
 10738 | D:7      | Reached skill level 10 in Maces & Flails
 11275 | D:8      | Found a staircase to the Lair.
 11342 | D:8      | Killed a death yak
 11343 | D:8      | Reached XP level 11. HP: 52/89 MP: 8/10
 11522 | D:8      | Noticed Jessica
 11551 | D:8      | Killed Jessica
 11602 | D:8      | Reached ***** piety under Okawaru
 12224 | Lair:1   | Entered Level 1 of the Lair of Beasts
 12301 | Lair:1   | Noticed a seven-headed hydra
 12868 | Lair:1   | Noticed a five-headed hydra
 12904 | Lair:1   | Reached skill level 1 in Invocations
 12910 | Lair:1   | Received a gift from Okawaru
 13216 | Lair:1   | Killed a seven-headed hydra
 13216 | Lair:1   | Received a gift from Okawaru
 13360 | Lair:1   | Received a gift from Okawaru
 13440 | Lair:1   | Noticed Grum
 13447 | Lair:1   | Killed Grum
 13860 | Lair:1   | Noticed a six-headed hydra
 13916 | Lair:1   | Killed a six-headed hydra
 13916 | Lair:1   | Received a gift from Okawaru
 14113 | Lair:1   | Reached XP level 12. HP: 103/103 MP: 14/14
 14206 | Lair:1   | Received a gift from Okawaru
 14551 | Lair:2   | Found a gate leading to a gauntlet.
 14560 | Gauntlet | Entered a Gauntlet
 14560 | Gauntlet | Found a transporter.
 14568 | Gauntlet | Found a transporter.
 14610 | Gauntlet | Found a transporter.
 14622 | Gauntlet | Found a transporter.
 14632 | Gauntlet | Found a transporter.
 14634 | Gauntlet | Noticed a quicksilver ooze
 14639 | Gauntlet | Found a transporter.
 14650 | Gauntlet | Noticed a great orb of eyes
 14655 | Gauntlet | Found a transporter.
 14674 | Gauntlet | Found a transporter.
 14686 | Gauntlet | Found a transporter.
 14698 | Gauntlet | Found a transporter.
 14701 | Gauntlet | Noticed a hell hog
 14704 | Gauntlet | Found a transporter.
 14704 | Gauntlet | Found a transporter.
 14719 | Gauntlet | Found a transporter.
 14731 | Gauntlet | Found a transporter.
 14748 | Gauntlet | Found a transporter.
 14765 | Gauntlet | Found a transporter.
 14767 | Gauntlet | Found a transporter.
 14801 | Gauntlet | Found a transporter.
 14881 | Gauntlet | Received a gift from Okawaru
 14935 | Gauntlet | Identified the ring of Moodiness {Wiz Fly Int+4}
 15128 | Gauntlet | Reached skill level 5 in Invocations
 15129 | Gauntlet | Reached skill level 10 in Armour
 15205 | Gauntlet | Noticed a minotaur
 15229 | Gauntlet | Killed a minotaur
 15453 | Lair:2   | Found an opulent altar of Gozag.
 15496 | Lair:2   | Received a gift from Okawaru
 15590 | Lair:2   | Noticed Harold
 15827 | Lair:2   | Killed Harold
 15856 | Lair:2   | Received a gift from Okawaru
 15857 | Lair:2   | Reached skill level 10 in Fighting
 16279 | Lair:2   | Received a gift from Okawaru
 16280 | Lair:2   | Reached skill level 5 in Dodging
 16581 | Lair:2   | Found a staircase to the Shoals.
 17068 | Lair:3   | Received a gift from Okawaru
 17073 | Lair:3   | Reached XP level 13. HP: 93/115 MP: 17/17
 17135 | Lair:3   | Found a runed translucent door.
 17875 | Lair:3   | Noticed Foabaekk's ghost (journeyman GrMo)
 17904 | Lair:4   | Noticed Urug
 17926 | Lair:4   | Killed Urug
 18148 | Lair:4   | Found a staircase to the Snake Pit.
 18259 | Lair:4   | Identified the +0 shadow dragon scales of Wariness {rF+
                  | Slay+2 Stlth++++} (Okawaru gifted it to you on level 4 of
                  | the Lair of Beasts)
 18259 | Lair:4   | Received a gift from Okawaru
 19390 | Lair:5   | Found a frozen archway.
 19396 | IceCv    | Entered an ice cave
 19891 | IceCv    | Noticed a reaper
 19919 | IceCv    | Killed a reaper
 20760 | Lair:5   | Received a gift from Okawaru
 21315 | Lair:6   | Entered Level 6 of the Lair of Beasts
 21388 | Lair:6   | Identified the +2 pair of gloves "Vomahisk" {-Cast rPois
                  | Dex+4}
 21606 | Lair:6   | Reached XP level 14. HP: 122/127 MP: 19/19
 21757 | Lair:6   | Found a staircase to the Slime Pits.
 21922 | Lair:6   | Received a gift from Okawaru
 22388 | Lair:6   | Reached skill level 15 in Bows
 22508 | Lair:6   | Found a corrupted altar of Lugonu.
 22508 | Lair:6   | Found a one-way gate to the infinite horrors of the Abyss.
 22527 | Lair:6   | Got Arepp's Papyrus of Doomed Displacement
 22642 | Lair:6   | Received a gift from Okawaru
 22975 | D:9      | Reached skill level 16 in Bows
 23009 | D:9      | Identified the ring "Ipas" {Fly rC- rN+ Str+4 Dex+2}
 23009 | D:9      | Identified the ring of Hospitality {Str+3 Int+6}
 23009 | D:9      | Identified the +2 long sword "Rage" {vamp, rElec Int+4}
 23035 | D:9      | Found Igem's Antique Weapon Shop.
 23941 | D:10     | Entered Level 10 of the Dungeon
 24024 | D:10     | Received a gift from Okawaru
 24113 | D:10     | Found a hazy altar of Hepliaklqana.
 24141 | D:10     | Found a shimmering blue altar of Sif Muna.
 24142 | D:10     | Found an ancient bone altar of Kikubaaqudgha.
 24143 | D:10     | Found a sparkling altar of Nemelex Xobeh.
 24176 | D:10     | Found a blossoming altar of Fedhas.
 24553 | D:11     | Received a gift from Okawaru
 24844 | D:11     | Noticed Josephine
 24850 | D:11     | Killed Josephine
 24901 | D:11     | Reached ****** piety under Okawaru
 24902 | D:11     | Reached skill level 17 in Bows
 25412 | D:12     | Found a staircase to the Orcish Mines.
 25426 | D:12     | Received a gift from Okawaru
 25910 | Orc:1    | Entered Level 1 of the Orcish Mines
 25973 | Orc:1    | Found a dark tunnel.
 25982 | Volcano  | Entered a volcano
 25991 | Volcano  | Reached skill level 18 in Bows
 25993 | Volcano  | Reached XP level 15. HP: 124/134 MP: 20/20
 26045 | Volcano  | Identified the +15 crystal plate armour "Tosih" {Str+3
                  | Slay+3} (Okawaru gifted it to you in a volcano)
 26045 | Volcano  | Received a gift from Okawaru
 26047 | Volcano  | Paralysed by an ogre mage for 7 turns
 26404 | Orc:1    | Noticed an orc warlord
 26416 | Orc:1    | Killed an orc warlord
 26433 | Orc:1    | Noticed an orc warlord
 26449 | Orc:1    | Killed an orc warlord
 26560 | Orc:1    | Noticed an orc warlord
 26569 | Orc:1    | Killed an orc warlord
 26696 | Orc:1    | Identified the +4 plate armour of Knowledge {MP-9 Dex+4}
 26986 | Orc:2    | Entered Level 2 of the Orcish Mines
 26986 | Orc:2    | Noticed Erolcha
 27000 | Orc:1    | Killed Erolcha
 27049 | Orc:2    | Noticed an orc warlord
 27058 | Orc:2    | Killed an orc warlord
 27108 | Orc:2    | Noticed an orc warlord
 27126 | Orc:2    | Killed an orc warlord
 27175 | Orc:2    | Found a staircase to the Elven Halls.
 27345 | Orc:2    | Noticed Sonja
 27350 | Orc:2    | Killed Sonja
 27351 | Orc:2    | Reached skill level 19 in Bows
 27356 | Orc:2    | Noticed Saint Roka
 27392 | Orc:2    | Killed Saint Roka
 27495 | Orc:2    | Found a runed translucent gate.
 27495 | Orc:2    | Found a runed translucent gate.
 27495 | Orc:2    | Found a runed translucent gate.
 27497 | Orc:2    | Found an opulent altar of Gozag.
 27555 | Orc:2    | Found Goad's Distillery.
 27619 | Orc:2    | Bought a potion of haste for 150 gold pieces
 27619 | Orc:2    | Bought a potion of heal wounds for 75 gold pieces
 27619 | Orc:2    | Bought a potion of heal wounds for 75 gold pieces
 27742 | Orc:2    | Noticed an orc warlord
 27743 | Orc:2    | Noticed vvl's ghost (journeyman DsVM)
 27751 | Orc:2    | Killed an orc warlord
 27781 | Orc:2    | Found Saqonkos's Assorted Antiques.
 27852 | Orc:2    | Identified the +8 ring mail of Cynicism {rElec rF+}
                  | (Okawaru gifted it to you on level 2 of the Orcish Mines)
 27852 | Orc:2    | Received a gift from Okawaru
 27867 | Orc:2    | Found Qerak's Antique Armour Boutique.
 27876 | Orc:2    | Found Togiphag's Antique Weapon Shop.
 27961 | Orc:2    | Found Poeh's Armour Boutique.
 27982 | Orc:2    | Bought a +1 cloak of poison resistance for 229 gold pieces
 28048 | Orc:2    | Reached skill level 15 in Armour
 28640 | D:13     | Found an iron altar of Okawaru.
 28819 | D:13     | Noticed Jorgrun
 28825 | D:13     | Killed Jorgrun
 29401 | D:14     | Found a gate to the Vaults.
 29424 | D:14     | Reached skill level 20 in Bows
 29430 | D:14     | Reached XP level 16. HP: 131/141 MP: 21/21
 29508 | D:14     | Noticed Rupert
 29525 | D:14     | Killed Rupert
 29676 | D:14     | Received a gift from Okawaru
 29682 | D:14     | Identified Roxanne's Guide on Shape Shifting
 29682 | D:14     | Noticed Roxanne
 29695 | D:14     | Killed Roxanne
 29825 | D:14     | Reached skill level 10 in Invocations
 29827 | D:14     | Received a gift from Okawaru
 29982 | D:14     | Noticed Agnes
 29987 | D:14     | Killed Agnes
 30198 | D:15     | Entered Level 15 of the Dungeon
 30744 | D:15     | Found a staircase to the Depths.
 31327 | Snake:1  | Entered Level 1 of the Snake Pit
 31417 | Snake:1  | Identified the +0 plate armour of Okawaru's Displeasure
                  | {rElec Str+4} (Okawaru gifted it to you on level 1 of the
                  | Snake Pit)
 31417 | Snake:1  | Received a gift from Okawaru
 32840 | Snake:2  | Found a runed translucent gate.
 32840 | Snake:2  | Found a runed translucent gate.
 32840 | Snake:2  | Found a runed translucent gate.
 32841 | Snake:2  | Noticed croobank's ghost (adept HOFi)
 32841 | Snake:2  | Noticed Arctor's ghost (journeyman DrTm)
 32935 | Snake:2  | Identified a scroll of acquirement
 32936 | Snake:2  | Acquired 841 gold pieces
 33068 | Snake:2  | Found the +1 cloak of Starlight {*Dazzle EV+4 Stlth--}
 33194 | Snake:3  | Reached XP level 17. HP: 148/148 MP: 25/25
 33216 | Snake:3  | Received a gift from Okawaru
 33334 | Snake:3  | Noticed a tentacled monstrosity
 33343 | Snake:3  | Killed a tentacled monstrosity
 33343 | Snake:3  | Identified the +11 triple sword of Triumph {venom, rN+
                  | Will+ Int+3} (Okawaru gifted it to you on level 3 of the
                  | Snake Pit)
 33343 | Snake:3  | Received a gift from Okawaru
 33516 | Snake:3  | Found Kuudumem's Jewellery Boutique.
 33517 | Snake:3  | Found Xori's Book Emporium.
 33518 | Snake:3  | Noticed Donald
 33532 | Snake:3  | Killed Donald
 33533 | Snake:3  | Found Xyus's Jewellery Boutique.
 34271 | Snake:4  | Entered Level 4 of the Snake Pit
 34506 | Snake:4  | Noticed Mara
 34510 | Snake:4  | Noticed selver's illusion
 34522 | Snake:4  | Killed Mara
 34522 | Snake:4  | Identified the +8 longbow of Okawaru {vorpal, rElec rC+
                  | Int+2 Dex+2} (Okawaru gifted it to you on level 4 of the
                  | Snake Pit)
 34522 | Snake:4  | Received a gift from Okawaru
 35160 | Snake:4  | Received a gift from Okawaru
 35256 | Snake:4  | Reached skill level 15 in Fighting
 35407 | Snake:4  | Reached XP level 18. HP: 163/163 MP: 27/27
 35519 | Snake:4  | Identified the +0 buckler of Isoics {rPois Will- Regen+
                  | Str+2} (Okawaru gifted it to you on level 4 of the Snake
                  | Pit)
 35519 | Snake:4  | Received a gift from Okawaru
 35580 | Snake:4  | Got a serpentine rune of Zot
 36437 | Shoals:1 | Entered Level 1 of the Shoals
 36487 | Shoals:1 | Noticed Aizul
 36501 | Shoals:1 | Killed Aizul
 36702 | Shoals:1 | Noticed Louise
 36748 | Shoals:1 | Killed Louise
 38066 | Shoals:2 | Reached skill level 10 in Dodging
 38351 | Shoals:3 | Noticed Polyphemus
 38564 | Shoals:3 | Received a gift from Okawaru
 38568 | Shoals:3 | Killed Polyphemus
 38829 | Shoals:3 | Noticed Ilsuiw
 38884 | Shoals:3 | Killed Ilsuiw
 39776 | Shoals:4 | Entered Level 4 of the Shoals
 40030 | Shoals:4 | Noticed Nikola
 40061 | Shoals:4 | Reached XP level 19. HP: 100/181 MP: 28/28
 40339 | Shoals:4 | Killed Nikola
 40540 | Shoals:4 | Received a gift from Okawaru
 40565 | Shoals:4 | Got a barnacled rune of Zot
 40694 | Shoals:4 | Got Berorife's Disquisition on Congealing Dark Magic
 40932 | Shoals:4 | Identified the amulet of Midwinter {RegenMP Dex+5 Stlth-}
 41511 | Orc:2    | Killed vvl's ghost
 41562 | Orc:2    | Bought a scroll of magic mapping for 87 gold pieces
 41562 | Orc:2    | Bought a scroll of fear for 87 gold pieces
 41748 | Lair:3   | Killed Foabaekk's ghost
 41870 | Snake:2  | Killed croobank's ghost
 41885 | Snake:2  | Killed Arctor's ghost
 42187 | Elf:1    | Entered Level 1 of the Elven Halls
 42208 | Elf:1    | Found a radiant altar of Vehumet.
 42269 | Elf:1    | Found Odwor's Antique Weapon Boutique.
 42319 | Elf:1    | Found a magical portal.
 42335 | WizLab   | Entered Yara's Duelist Academy
 42685 | WizLab   | Got Yara's Collected Works on Curses
 42721 | WizLab   | Noticed Vetitev
 42746 | WizLab   | Killed Vetitev the Head Instructor
 42748 | WizLab   | Identified the +9 dire flail of the Common Good {speed,
                  | rCorr} (Okawaru gifted it to you in a wizard's laboratory)
 42748 | WizLab   | Received a gift from Okawaru
 43888 | Elf:1    | Reached skill level 1 in Evocations
 44019 | Elf:2    | Received a gift from Okawaru
 44111 | Elf:2    | Identified the +8 trident of Awkwardness {vorpal, Will-
                  | rCorr Int+4}
 44224 | Elf:2    | Found a runed translucent gate.
 44224 | Elf:2    | Found a runed translucent gate.
 44224 | Elf:2    | Found a runed translucent gate.
 44446 | Elf:2    | Received a gift from Okawaru
 44551 | Elf:2    | Found Tuklyn's Assorted Antiques.
 44732 | Elf:2    | Reached XP level 20. HP: 174/193 MP: 29/29
 45045 | Elf:2    | Reached skill level 5 in Evocations
 45189 | Elf:3    | Entered Level 3 of the Elven Halls
 45623 | Elf:3    | Paralysed by an air elemental for 1 turns
 45913 | Elf:3    | Identified the +0 chain mail of Card Tricks {Harm rElec
                  | rF-} (Okawaru gifted it to you on level 3 of the Elven
                  | Halls)
 45913 | Elf:3    | Received a gift from Okawaru
 46850 | Elf:3    | Identified the ring "Mish" {*Corrode Str+2 Int+6 Dex+2}
 46870 | Elf:3    | Identified the +9 mace of Imminent Death {flame, Str+10
                  | Dex-2}
 46870 | Elf:3    | Identified the +5 ring mail "Wajofof" {rPois Int+4}
 46870 | Elf:3    | Identified the ring "Vieten" {Contam *Corrode rF+ Str+7}
 46878 | Elf:3    | Identified the +2 pair of gloves of Byrukut {rC++}
 46885 | Elf:3    | Got the Guide on Battle Magic and the Birds
 46888 | Elf:3    | Got Vehumet's Disquisition on Congealing Conjuration
 46902 | Elf:3    | Got Leda's Guide on Earth
 46906 | Elf:3    | Got the Collected Works on Transmigration and Fire
 46917 | Elf:3    | Got the Catalogue of Floating Ice
 46953 | Elf:3    | Identified the +1 trident of Asoisk {flame, Dex+4}
 47588 | Vaults:1 | Entered Level 1 of the Vaults
 47721 | Vaults:1 | Identified the amulet "Sathentut" {Faith rF+ rCorr}
 47945 | Vaults:1 | Reached skill level 10 in Evocations
 47966 | Vaults:1 | Reached skill level 15 in Dodging
 48706 | Vaults:1 | Paralysed by a great orb of eyes for 7 turns
 49235 | Vaults:2 | Reached XP level 21. HP: 190/201 MP: 25/30
 49766 | Vaults:2 | Received a gift from Okawaru
 49854 | Vaults:2 | Found a staircase to the Crypt.
 50019 | Vaults:2 | Noticed Sojobo
 50041 | Vaults:2 | Paralysed by an air elemental for 1 turns
 50072 | Vaults:2 | Killed Sojobo
 50072 | Vaults:2 | Received a gift from Okawaru
 51765 | Vaults:3 | Received a gift from Okawaru
 51943 | Vaults:3 | Noticed Boris
 51953 | Vaults:3 | Killed Boris
 52423 | Vaults:4 | Identified the +3 morningstar of the Wilderness {vorpal,
                  | *Rage rElec rPois rC+} (Okawaru gifted it to you on level 4
                  | of the Vaults)
 52423 | Vaults:4 | Received a gift from Okawaru
 53091 | Vaults:4 | Reached XP level 22. HP: 213/213 MP: 31/31
 53504 | Vaults:5 | Entered Level 5 of the Vaults
 53639 | Vaults:4 | Reached skill level 21 in Bows
 53688 | Vaults:5 | Noticed a dread lich
 53700 | Vaults:5 | Killed a dread lich
 53724 | Vaults:5 | Identified the amulet of Contention {*Corrode Fly rC+
                  | Regen+}
 53735 | Vaults:5 | Identified the +0 ring mail of Amorality {rF+} (Okawaru
                  | gifted it to you on level 5 of the Vaults)
 53735 | Vaults:5 | Received a gift from Okawaru
 53755 | Vaults:5 | Noticed an ancient lich
 54030 | Vaults:4 | Killed an ancient lich
 54311 | Vaults:5 | Paralysed by a sphinx for 5 turns
 54433 | Vaults:4 | Reached skill level 15 in Evocations
 54527 | Vaults:5 | Noticed a golden dragon
 54559 | Vaults:4 | Killed a golden dragon
 54691 | Vaults:5 | Received a gift from Okawaru
 54762 | Vaults:5 | Identified the ring "Ibosimik" {Fire Dex+9 Stlth+}
 54885 | Vaults:5 | Identified the ring of Amefixe {rF+ rC+}
 54967 | Vaults:5 | Identified the ring "Upseyd" {rElec rPois rC++ MP+9 Int-2}
 55140 | Vaults:5 | Identified the ring "Lowunnij" {rElec rN+ Will+ Stlth+}
 55169 | Vaults:5 | Identified the +7 mace "Jeskum" {vorpal, rElec Will+ Str+5}
 55554 | Vaults:5 | Got the Papyrus of Arcane Weapons and Changing
 55637 | Vaults:5 | Got a silver rune of Zot
 55792 | Vaults:5 | Got the Incunabulum of the Supportive Mountains
 55841 | Vaults:5 | Identified the +7 dire flail of Ointment {holy, rElec rN+}
 56218 | Depths:1 | Entered Level 1 of the Depths
 56282 | Depths:1 | Acquired 714 gold pieces
 56333 | Depths:1 | Reached XP level 23. HP: 172/223 MP: 32/32
 56352 | Depths:1 | Identified the +0 robe of Linkoah {Rampage rC- Int+4}
                  | (Okawaru gifted it to you on level 1 of the Depths)
 56352 | Depths:1 | Received a gift from Okawaru
 56515 | Depths:1 | Noticed a caustic shrike
 56528 | Depths:1 | Killed a caustic shrike
 56697 | Depths:1 | Reached skill level 22 in Bows
 56725 | Depths:1 | Noticed a caustic shrike
 56732 | Depths:1 | Killed a caustic shrike
 57071 | Depths:1 | Identified the ring "Qaumot" {Int+5 SInv}
 57508 | Depths:1 | Found a gateway to Hell.
 57684 | Depths:2 | Found a one-way gate leading to the halls of Pandemonium.
 57872 | Depths:2 | Received a gift from Okawaru
 57968 | Depths:2 | Got Vehumet's Grimoire of Attacks
 57997 | Depths:2 | Reached skill level 23 in Bows
 58229 | Depths:2 | Received a gift from Okawaru
 59221 | Depths:3 | Found Gimim's Armour Shoppe.
 59226 | Depths:3 | Found Ublaces's Antique Weapon Shoppe.
 59256 | Depths:3 | Noticed Boris
 59290 | Depths:3 | Received a gift from Okawaru
 59294 | Depths:3 | Killed Boris
 59526 | Depths:3 | Found a white marble altar of Elyvilon.
 59664 | Depths:3 | Identified the +9 quarterstaff "Sidwistu" {flame, rC+
                  | Will+}
 59698 | Depths:3 | Reached skill level 24 in Bows
 59845 | Depths:3 | Received a gift from Okawaru
 59931 | Depths:3 | Reached XP level 24. HP: 232/232 MP: 32/32
 60047 | Depths:3 | Noticed a juggernaut
 60065 | Depths:3 | Killed a juggernaut
 60421 | Depths:3 | Found a stormy altar of Qazlal.
 60660 | Depths:3 | Received a gift from Okawaru
 61130 | Depths:4 | Entered Level 4 of the Depths
 61218 | Depths:4 | Identified the +2 cloak of Okawaru's Reproof {rCorr MP-9
                  | Dex+3} (Okawaru gifted it to you on level 4 of the Depths)
 61218 | Depths:4 | Received a gift from Okawaru
 61247 | Depths:4 | Reached skill level 25 in Bows
 61432 | Depths:4 | Found a one-way gateway to a ziggurat.
 61436 | Depths:4 | Paralysed by a floating eye for 4 turns
 61479 | Depths:4 | Paralysed by a floating eye for 3 turns
 61808 | Depths:4 | Found a gate to the Realm of Zot.
 62640 | Depths:4 | Found a runed translucent door.
 62766 | Depths:4 | Paralysed by an air elemental for 1 turns
 63069 | Zot:1    | Entered Level 1 of the Realm of Zot
 63104 | Zot:1    | Found a runed translucent gate.
 63104 | Zot:1    | Found a runed translucent gate.
 63104 | Zot:1    | Found a runed translucent gate.
 63106 | Zot:1    | Noticed Heoriaro's ghost (legendary GnFi)
 63332 | Zot:1    | Reached skill level 26 in Bows
 63507 | Zot:1    | Acquired the ring of the Parsimonious Date {Drain rCorr
                  | AC+4 Int-3 Dex+9}
 63649 | Zot:1    | Received a gift from Okawaru
 64258 | Zot:1    | Received a gift from Okawaru
 64767 | Zot:2    | Noticed an orb of fire
 64775 | Zot:2    | Gained mutation: Your magical capacity is low. (-10% MP)
                  | [an orb of fire]
 64779 | Zot:2    | Gained mutation: You have very sharp teeth. [an orb of
                  | fire]
 64780 | Zot:2    | Killed an orb of fire
 64785 | Zot:2    | Identified the +5 mace "Lifiqie" {freeze, rElec rCorr}
                  | (Okawaru gifted it to you on level 2 of the Realm of Zot)
 64785 | Zot:2    | Received a gift from Okawaru
 64794 | Zot:2    | Reached XP level 25. HP: 177/238 MP: 29/29
 65964 | Zot:3    | Received a gift from Okawaru
 66213 | Zot:3    | Received a gift from Okawaru
 66919 | Zot:3    | Identified the ring "Jegamn" {Ice rPois}
 67331 | Zot:4    | Noticed a Killer Klown
 67344 | Zot:4    | Killed a Killer Klown
 67693 | Zot:4    | Noticed a Killer Klown
 67709 | Zot:4    | Killed a Killer Klown
 67918 | Zot:4    | Received a gift from Okawaru
 67919 | Zot:4    | Reached skill level 15 in Invocations
 68343 | Zot:4    | Received a gift from Okawaru
 68588 | Zot:5    | Entered Level 5 of the Realm of Zot
 68713 | Zot:5    | Gained mutation: Your body sometimes deteriorates upon
                  | taking damage. [mutagenic glow]
 69115 | Zot:5    | Received a gift from Okawaru
 69172 | Zot:5    | Noticed an ancient lich
 69175 | Zot:5    | Killed an ancient lich
 69184 | Zot:5    | Noticed a Killer Klown
 69188 | Zot:5    | Noticed a Killer Klown
 69195 | Zot:5    | Noticed an ancient lich
 69195 | Zot:5    | Noticed an orb of fire
 69204 | Zot:5    | Noticed an ancient lich
 69206 | Zot:5    | Received a gift from Okawaru
 69208 | Zot:5    | Noticed an ancient lich
 69210 | Zot:5    | Gained mutation: Your body often deteriorates upon taking
                  | damage. [an orb of fire]
 69211 | Zot:5    | Noticed an orb of fire
 69212 | Zot:5    | Noticed an orb of fire
 69213 | Zot:5    | Noticed a Killer Klown
 69214 | Zot:5    | Gained mutation: You sometimes lose the ability to read
                  | scrolls when taking damage. [an orb of fire]
 69218 | Zot:5    | Gained mutation: Armour fits poorly on your strangely
                  | shaped body. [an orb of fire]
 69223 | Zot:5    | Gained mutation: Your magical capacity is very low. (-20%
                  | MP) [an orb of fire]
 69224 | Zot:5    | Gained mutation: You tend to lose your temper in combat.
                  | [an orb of fire]
 69225 | Zot:5    | Gained mutation: Your spells are a little easier to cast,
                  | but a little less powerful. [an orb of fire]
 69226 | Zot:5    | Gained mutation: You are frail. (-10% HP) [an orb of fire]
 69231 | Zot:5    | Gained mutation: You are dopey. (Int -2) [an orb of fire]
 69243 | Zot:5    | Killed from afar by an orb of fire

Illustrated notes

Levels and vault maps discovered:
D:1:      dpeg_arrival_central, layout_loops_ring, grunt_decor_arrowhead
D:2:      layout_loops_ring, shapermc_ecumenical_altar_rom_forum,
          guppyfry_early_orc_mine
D:3:      layout_loops_ring, lemuel_doored_altar, minmay_cupped, uniq_terence,
          uniq_ijyb
D:4:      layout_loops_corners, enter_ossuary_4
D:5:      layout_loops_cross
D:6:      kennysheep_housing_project, layout_loops_ring,
          mainiacjoe_overflow_brackets, gammafunk_temple_overflow_statue,
          minmay_temple_entry_tees, minmay_ruined_shrine, uniq_blork_the_orc
D:7:      layout_loops_ring, uniq_prince_ribbit1
D:8:      erik_cavepeople, layout_rooms, david_lair_generic
D:9:      layout_gridville, serial_shops, shop, minivault_25,
          hangedman_abyss_or_decor_clamps, minivault_12
D:10:     layout_stronghold, chequers_temple_overflow_statue_of_worship,
          mainiacjoe_overflow_alcove_2
D:11:     nicolae_BIG_FREAKIN_CUBE, layout_long_grid, uniq_josephine
D:12:     layout_rooms, orc_0_dummy
D:13:     layout_loops_ring, chequers_decorated_corner,
          okawaru_metal_pillars_1_2, uniq_jorgrun
D:14:     layout_roguey, grunt_vaults_entry_tiered, glass_columns_a,
          st_stairs_11, uniq_roxanne, uniq_rupert, uniq_agnes
D:15:     grunt_enter_depths_hoard, layout_stronghold, minmay_misc_feat_cross
Temple:   oiseaux_autumnal_temple
Lair:1:   wad_woods_structure_01, layout_hall_layers, uniq_grum
Lair:2:   layout_gridlike, elwin_shoals_entry_stream, gauntlet_entry_generic,
          basic_altar, beast_lair_carwin_7, uniq_harold
Lair:3:   layout_long_grid, ebering_ghost_reflecting_pool, serial_bayou_shore_b,
          grunt_megastairs_2
Lair:4:   layout_cave_pods, guppyfry_snake_entry_island, minivault_11,
          chequers_serial_rivers_marsh, uniq_urug
Lair:5:   layout_concentric_octagons, portal_ice_cave_rime, fungi_pond_lemuel,
          serial_bayou_shore_a, serial_bayou_shore_b, serial_bayou_shore_b
Lair:6:   hellmonk_lair_end_abyssal_woods, layout_misc_corridors, slime_dummy,
          chequers_serial_rivers_small_b, lemuel_fruit_fields,
          infiniplex_staircase_pool
Shoals:1: layout_shoals, uniq_aizul, uniq_louise
Shoals:2: layout_shoals, nicolae_shoals_nymph_descending_staircase
Shoals:3: nicolae_shoals_lighthouse, layout_shoals, uniq_polyphemus, uniq_ilsuiw
Shoals:4: shoals_end_hellmonk_lost_city, uniq_nikola
Snake:1:  layout_honeycomb, grunt_ministairs_9, grunt_megastairs_1
Snake:2:  layout_onion_interference, gammafunk_ghost_cemetery
Snake:3:  onia_ninara_swampy_vault, layout_misc_corridors, minmay_shop_grove,
          uniq_donald
Snake:4:  snake_pit, layout_layer_cave, nicolae_snake_springs,
          lemuel_fruit_tree, uniq_mara
Orc:1:    layout_caves, nicolae_volcano_entry_two_sided, minmay_orc_treasury
Orc:2:    grunt_orc_community_town_hall, layout_caves,
          grunt_orc_community_big_house_1, grunt_orc_community_big_house_1,
          grunt_orc_community_house_1, grunt_orc_community_house_3,
          grunt_orc_community_house_3, grunt_orc_community_house_1,
          ebering_ghost_gozag, david_defended_altar_orc, uniq_sonja,
          uniq_saint_roka, uniq_erolcha
Elf:1:    eino_elf_arrival_altar, layout_onion_city, serial_shops,
          nicolae_shop_statue_plus, infiniplex_enter_wizlab_water,
          ebering_dispersal_statue_hall
Elf:2:    nicolae_elf_blades_splatter_lattice [nicolae_blade_little_rooms],
          layout_loops_cross, serial_shops, shop, lemuel_upstairs_altar
Elf:3:    minmay_elf_hall_circle, layout_gridlike,
          nicolae_elf_free_trip_to_the_abyss
Vaults:1: v_misc_19, vaults_room_hangedman_quadrants, hangedman_vaults_trim,
          nicolae_vaults_little_squares_6, nicolae_vaults_little_squares_6,
          v_misc_33, nicolae_vaults_yaktaur_gun_rack, vaults_dpeg_diagonal,
          dpeg_vaults_monster_box, nicolae_vaults_mini_display_case,
          vaults_dpeg_hooks, hangedman_vaults_stretched_pinwheel,
          layout_vaults_omnicross
Vaults:2: nicolae_vaults_shelves_hall, vaults_dpeg_encased_lava,
          nicolae_vaults_diagonal_hallway_7, v_pattern_2,
          minmay_crypt_entry_skeletal_spiral, v_misc_9,
          nicolae_vaults_circle_grid_b, v_misc_24, v_misc_19,
          layout_vaults_quadrants, uniq_sojobo
Vaults:3: ontoclasm_vaults_decontamination, v_misc_16,
          nicolae_vaults_diagonal_hallway_6, hangedman_vaults_stream,
          grunt_vaults_twisty, hangedman_vaults_maws,
          nicolae_vaults_little_squares_4, grunt_vaults_focal, v_alt_pattern_3,
          vaults_dpeg_doors, v_misc_12, hangedman_vaults_slice,
          layout_vaults_big_room, uniq_boris
Vaults:4: st_hourglassy, v_misc_13, v_rooms_6, ontoclasm_vaults_claustrophobia,
          grunt_vaults_bifocal, nicolae_vaults_little_squares_2,
          hangedman_vaults_slice, v_misc_26, nicolae_vaults_little_squares_5,
          nicolae_vaults_little_squares_3, v_rooms_5, layout_vaults_maze_bifur
Vaults:5: serial_shops
Depths:1: evilmike_diamond_2, layout_cross, abandoned_shop, hell_entry,
          minmay_misc_feat_nine_boxes, drop_trap, kennysheep_underground_church,
          infiniplex_staircase_pool_lava
Depths:2: evilmike_horseshoe, layout_basic, hangedman_decor_riveting,
          rand_demon_pan_entry_5, grunt_hell_entry_dis_grunt,
          abyss_entry_glasseish, minmay_staircase_bubble
Depths:3: kennysheep_snake, layout_long_grid, abyss_entry_crystal,
          grunt_qazlal_clouds, grunt_hell_entry_demonic_statue,
          elyvilon_altar_4, infiniplex_staircase_x, minmay_shop_star
Depths:4: evilmike_zot_entry_argh, layout_basic, enter_ziggurat_c, hell_entry,
          hangedman_aerie_drop, grunt_megastairs_5
Zot:1:    layout_twisted_circle, ebering_ghost_rock_garden,
          st_small_dragon_hoard_1
Zot:2:    layout_misc_corridors, hangedman_zot_gyre, st_stairs_6,
          zot_minivault_5
Zot:3:    layout_basic, st_single_dragon_hoard_2
Zot:4:    kennysheep_blocky_hall, layout_concentric_octagons
Zot:5:    layout_cathedral_of_symmetry

Skill      XL: |  1  2  3  4  5  6  7  8  9 10 11 12 13 14 15 16 17 18 19 20 21 22 23 24 25 |
---------------+----------------------------------------------------------------------------+-----
Bows           | 5 6 7 8 9 11 12 14 18 20 21 24 26 | 26.3
Maces & Flails | 2 4 5 6 8 10 12 13 14 | 14.5
Armour         | 2 5 7 9 11 13 16 18 20 22 23 25 | 25.3
Fighting       | 5 8 10 12 15 18 19 20 21 22 23 | 23.1
Invocations    | 4 7 9 12 14 15 | 15.2
Dodging        | 3 5 8 11 14 15 16 18 20 | 20.4
Evocations     | 3 10 13 15 | 15.0
Stealth        | |  0.7

Action                   |  1- 3 |  4- 6 |  7- 9 | 10-12 | 13-15 | 16-18 | 19-21 | 22-24 | 25-27 || total
-------------------------+-------+-------+-------+-------+-------+-------+-------+-------+-------++-------
Melee: Whip              |    32 |    78 |   183 |   351 |   400 |   281 |       |       |       ||  1325
       Headbutt          |     3 |    19 |    33 |   109 |   129 |    84 |       |     8 |     8 ||   393
       Punch             |       |       |     4 |    10 |    11 |     6 |       |       |       ||    31
       Eveningstar       |       |       |       |       |       |       |     3 |       |       ||     3
       Mace              |       |       |       |       |       |       |     7 |    13 |       ||    20
       Dire flail        |       |       |       |       |       |       |       |    12 |    17 ||    29
       Bite              |       |       |       |       |       |       |       |       |     6 ||     6
 Fire: Shortbow          |    83 |    63 |   182 |   701 |   450 |       |       |       |       ||  1479
       Longbow           |       |       |       |       |   787 |  1169 |  1543 |  1637 |   570 ||  5706
Invok: Heroism           |       |       |       |    12 |    12 |    12 |    12 |    24 |     5 ||    77
       Finesse           |       |       |       |     4 |    11 |    10 |    13 |    23 |     5 ||    66
Evoke: Condenser vane    |       |       |       |       |       |       |     1 |     7 |     1 ||     9
       Tin of tremorston |       |       |       |       |       |       |       |     2 |       ||     2
  Use: Scroll            |     1 |     2 |     3 |    18 |    10 |     8 |     8 |    15 |     2 ||    67
       Potion            |       |     1 |     3 |     8 |     9 |    11 |    10 |    13 |    10 ||    65
Armor: Ring mail         |    29 |       |       |       |       |       |       |       |       ||    29
       Leather armour    |       |    14 |     4 |     1 |       |       |       |       |       ||    19
       Scale mail        |       |       |    94 |   122 |     3 |       |       |       |       ||   219
       Acid dragon scale |       |       |       |     1 |       |       |       |       |       ||     1
       Shadow dragon sca |       |       |       |       |   104 |       |       |       |       ||   104
       Ice dragon scales |       |       |       |       |    20 |       |       |       |       ||    20
       Crystal plate arm |       |       |       |       |    82 |   442 |   213 |   576 |   160 ||  1473
Dodge: Dodged            |    36 |    29 |    95 |   175 |   259 |   356 |   246 |   558 |   144 ||  1898
       Repelled          |       |       |       |       |       |       |     1 |    24 |    19 ||    44
Block: Other             |       |       |       |       |       |    37 |    25 |       |       ||    62
       Reflection        |       |       |       |       |       |     5 |    10 |       |       ||    15
